 Dungeon Crawl Stone Soup version 0.28-a0-612-gcfc00ec14d (webtiles) character file.

Game seed: 16193948044274687722

0 spiderkeys the Skirmisher (level 1, -63/23 HPs)
             Began as a Gnoll Abyssal Knight on Oct 5, 2021.
             Was a Follower of Lugonu.
             Killed from afar by an ancient lich (77 damage)
             ... with a crystal spear
             ... on level 2 of the Abyss.
             The game lasted 00:01:13 (142 turns).

spiderkeys the Skirmisher (Gnoll Abyssal Knight)     Turns: 142, Time: 00:01:14

Health: -63/23     AC:  3    Str: 12    XL:     1   Next: 0%
Magic:  3/3        EV: 12    Int:  9    God:    Lugonu [*.....]
Gold:   28         SH:  0    Dex: 12    Spells: 0/0 levels left

rFire   . . .      SeeInvis .   a - +1 short sword
rCold   . . .      Faith    .   (no shield)
rNeg    . . .      Spirit   .   b - +0 leather armour
rPois   .          Reflect  .   (no helmet)
rElec   .          Harm     .   (no cloak)
rCorr   .          Rampage  .   (no gloves)
Will    .....                   (no boots)
Stlth   +.........              (no amulet)
HPRegen 0.07/turn               (no ring)
MPRegen 0.08/turn               (no ring)

@: no status effects
A: fangs 1, strong nose, distributed training
a: Renounce Religion, Depart the Abyss


You were on level 2 of the Abyss.
You worshipped Lugonu.
Lugonu was aware of your devotion.
You visited 0 branches of the dungeon, and saw 0 of its levels.
You visited the Abyss 1 time.

You collected 28 gold pieces.


Innate Abilities, Weirdness & Mutations

You have very sharp teeth.
Your uncanny sense of smell can sniff out nearby items.
Your experience applies equally to all skills.


   Skills:
 + Level 6.4 Fighting
 + Level 4.4 Short Blades
 + Level 0.0 Long Blades
 + Level 0.0 Axes
 + Level 0.0 Maces & Flails
 + Level 0.0 Polearms
 + Level 0.0 Staves
 + Level 0.0 Slings
 + Level 0.0 Bows
 + Level 0.0 Crossbows
 + Level 0.0 Throwing
 + Level 4.4 Armour
 + Level 2.3 Dodging
 + Level 0.0 Stealth
 + Level 0.0 Shields
 + Level 0.0 Unarmed Combat
 + Level 0.0 Spellcasting
 + Level 0.0 Conjurations
 + Level 0.0 Hexes
 + Level 0.0 Summonings
 + Level 0.0 Necromancy
 + Level 0.0 Translocations
 + Level 0.0 Transmutations
 + Level 0.0 Fire Magic
 + Level 0.0 Ice Magic
 + Level 0.0 Air Magic
 + Level 0.0 Earth Magic
 + Level 0.0 Poison Magic
 + Level 4.4 Invocations
 + Level 0.0 Evocations


You couldn't memorise any spells.
You didn't know any spells.
Your spell library was empty.

Inventory:

Hand Weapons
 a - a +1 short sword (weapon)
Missiles
 f - 17 stones
Armour
 b - a +0 leather armour (worn)
Wands
 h - a wand of iceblast (9)
   (You found it on level 2 of the Abyss)
Scrolls
 d - a scroll of teleportation {unknown}
 g - a scroll of noise {unknown}
Potions
 e - 2 potions of lignification {unknown}

Dungeon Overview and Level Annotations

Branches:
Dungeon (0/15)

Altars:

.#.##..≈.##. .[#
.....≈≈≈≈...#####.
#..#.≈≈≈≈≈... ..#
#....≈≈#≈#.....##
####≈#≈..#...##
##.#≈≈≈##.### .#
##.≈.≈§##.###.#
#..##§§≈....# .
.#).#..#@#≈≈....
..
#......§§§§§≈≈##..
.##.##L##§§≈## #
#.#...# .##.≈#
#..#.#.# .# .##
.x# #...# .# #. .
.. .# # ... ## ##.


You could see an ancient lich.


Message History

🤖 Initializing magus.rc ...
Options error: Delay interrupt name "hungry" not recognised. (~/.crawlrc:4988) ✅ Successfully initialized magus.rc [v1.9.10] Welcome, spiderkeys the Gnoll Abyssal Knight.
It is said that the Orb of Zot exists deep within this dungeon.
Lugonu says: Depart the Abyss and spread corruption, my servant! (use the ability menu to exit the Abyss) Press ? for a list of commands and other information.
Found a corrupted altar of Lugonu.
You are suddenly pulled into a different region of the Abyss!
Unknown command.
c - a scroll labelled SOFAXOSEIHY
Found a gateway leading deeper into the Abyss.
d - a scroll labelled PIW GAKLOUPEO
There is a gateway leading deeper into the Abyss here.
There is a gateway leading deeper into the Abyss here.
You plunge deeper into the Abyss.
Found a gateway leading deeper into the Abyss.
e - a sedimented cyan potion
Found a corrupted altar of Lugonu.
You now have 28 gold pieces.
e - 2 sedimented cyan potions (gained 1)
f - 17 stones
g - a scroll labelled UQEOGR ZO PEGI A lurking horror comes into view.
You enter the shallow water.
Moving in this stuff is going to be slow.
A small abomination comes into view.
You see here a wand of iceblast (9).
h - a wand of iceblast (9)
Your body is wracked with pain! 😮 HP[-10]
You take 10 damage, and now have 13/23 hp.
MASSIVE DAMAGE!! (PAUSE)
An ancient lich comes into view.
The ancient lich shouts! 😮 HP[+1]
You see here a puce potion.
As you read the scroll labelled SOFAXOSEIHY, it crumbles to dust.
The scroll dissolves into smoke.
It was a scroll of fog.
The ancient lich gestures at you while chanting.
The crystal spear hits you!!!!
Ouch! That really hurt!
You die...

Action                   || total
-------------------------++-------
  Use: Scroll            ||     1

Levels and vault maps discovered:
Abyss:2:  base:
Temple

Notes
Turn   | Place    | Note
-------+----------+-------------------------------------------
     0 | Abyss:1  | spiderkeys the Gnoll Abyssal Knight began the quest for the
                  | Orb.
     0 | Abyss:1  | Reached XP level 1. HP: 23/23 MP: 3/3
     0 | Abyss:1  | magus.rc [v1.9.10]
    88 | Abyss:2  | Found a corrupted altar of Lugonu.
   137 | Abyss:2  | Noticed a small abomination
   140 | Abyss:2  | Noticed an ancient lich
   142 | Abyss:2  | Killed from afar by an ancient lich

Vanquished Creatures (others)
  A lurking horror (Abyss:2)
1 creature vanquished.

Table legend:
 A = Non-vault XP
 B = Vault XP
 C = Vault XP percentage of total XP
 D = Non-vault monster count
 E = Vault monster count
 F = Vault count percentage of total count
                 A         B        C        D         E       F
            +---------+---------+-------+---------+---------+-------
      Total |       0 |       0 |   N/A |       0 |       0 |  -nan
            +---------+---------+-------+---------+---------+-------
            +---------+---------+-------+---------+---------+-------

Illustrated notes

Table legend: (Time is in decaauts)
 A = Elapsed time spent in this place.
 B = Non-inter-level travel time spent in this place.
 C = Inter-level travel time spent in this place.
 D = Time resting spent in this place.
 E = Time spent auto-exploring this place.
 F = Levels seen in this place.
 G = Mean time per level.
                   A        B        C        D        E       F      G
               +--------+--------+--------+--------+--------+-----+--------+
         Total |    144 |    144 |      0 |      0 |     32 |   2 |   72.0 |
         Abyss |    144 |    144 |      0 |      0 |     32 |   2 |   72.0 |
               +--------+--------+--------+--------+--------+-----+--------+

Top non-repeatable levels by time:
 Abyss:1: 77 daAuts
 Abyss:2: 67 daAuts
